Moose vs Wild

Created - Monday, December 07, 2015 at 02:41

Goals
1 2 3 OT1 SO T
Moose 0 0 1 0 0 1
Wild 0 1 0 0 1 2
Shots
1 2 3 OT1 SO T
Moose 6 5 11 1 6 23
Wild 5 17 8 3 6 33

1st period

No Goal

Penalties :
Danny Hobbs (IOW) for Hooking (Minor) at 2:17, Steve Eminger (IOW) for Fighting (Major) at 6:06, Ryan Malone (MAN) for Fighting (Major) at 6:06, Jani Hakanpaa (IOW) for Fighting (Major) at 7:40, Joel Armia (MAN) for Fighting (Major) at 7:40

2nd period

1. Wild , Alex Friesen 3 (Francis Wathier) at 14:07

Penalties :
Josh Manson (MAN) for Roughing (Minor) at 5:24

3rd period

2. Moose , Oscar Klefbom 6 (Daniil Tarasov) at 18:04

Penalties :
Steve Eminger (IOW) for Fighting (Major) at 2:41, Rasmus Rissanen (MAN) for Fighting (Major) at 2:41, Steve Eminger (IOW) for instigated a fight (Minor) at 2:41, Steve Eminger (IOW) for instigated a fight (10 Minutes Misconduct) at 2:41, Jon Landry (IOW) for Delaying the game (Minor) at 9:32

Overtime #1

No Goal

Penalties :
No Penalty

Shootout

Penalty Shot by Greg McKegg for Moose - Stopped by Jordan Binnington
Penalty Shot by Dana Tyrell for Wild - Stopped by Kristers Gudlevskis
Penalty Shot by Garret Ross for Moose - Stopped by Jordan Binnington
Penalty Shot by Mark Van Guilder for Wild - Shot Misses the Net
Penalty Shot by Daniil Tarasov for Moose - Stopped by Jordan Binnington
Penalty Shot by Micheal Haley for Wild - Stopped by Kristers Gudlevskis
Penalty Shot by Joel Armia for Moose - Shot Misses the Net
Penalty Shot by Henri Ikonen for Wild - Stopped by Kristers Gudlevskis
Penalty Shot by Colin Smith for Moose - Stopped by Jordan Binnington
Penalty Shot by Dan Catenacci for Wild - Stopped by Kristers Gudlevskis
Penalty Shot by Ryan Rupert for Moose - Stopped by Jordan Binnington
Penalty Shot by Devin Shore for Wild - Goal!

Penalties :
No Penalty

Goalie Stats

Kristers Gudlevskis (MAN), 32 saves from 33 shots - (0.970), OTL, 2-0-1, 65:00 minutes
Jordan Binnington (IOW), 22 saves from 23 shots - (0.957), W, 8-7-6, 65:00 minutes

Players Stats for Moose

Player Name              G  A  P  +/- PIM S  H  SB GA TA FO     MP     PP MP  PK MP  
------------------------------------------------------------------------------------
Ben Chiarot              0  0  0   0  0   3  1  1  3  3  0/0    30:27   2:44   0:37 
Brandon Davidson         0  0  0  -1  0   1  1  3  1  4  0/0    26:40   2:28   1:22 
Cody Kunyk               0  0  0   0  0   0  0  0  0  0  0/0     0:00   0:00   0:00 
Colin Smith              0  0  0  -1  0   1  0  0  2  0  6/10   18:34   2:27   0:00 
Daniil Tarasov           0  1  1   1  0   3  1  0  5  1  1/1    20:56   3:30   0:16 
Garret Ross              0  0  0   1  0   2  0  0  0  1  3/4    23:43   3:30   1:04 
Greg McKegg              0  0  0   0  0   0  0  2  0  1  5/17   23:53   3:30   1:04 
Joel Armia               0  0  0  -1  5   1  2  1  1  0  0/0    20:22   2:27   0:16 
Joel Edmundson           0  0  0   0  0   0  0  0  0  0  0/0     1:26   0:00   0:00 
Joel Vermin              0  0  0   0  0   3  1  1  0  0  0/0    19:19   0:00   0:39 
Josh Manson              0  0  0  -1  2   2  2  7  1  2  0/0    17:55   0:49   0:00 
Michael Schumacher       0  0  0  -1  0   0  5  0  0  1  1/1    22:02   2:27   0:39 
Oscar Klefbom            1  0  1   1  0   3  1  1  2  4  0/0    23:57   3:29   0:00 
Rasmus Rissanen          0  0  0   0  5   0  0  1  0  1  0/0    18:10   0:45   0:37 
Rob Flick                0  0  0   0  0   1  3  0  2  0  3/9    19:28   0:00   0:00 
Ryan Malone              0  0  0   0  5   2  2  1  2  0  0/0    15:55   0:00   0:00 
Ryan Rupert              0  0  0   1  0   0  0  0  0  0  1/2     2:01   0:00   0:00 
Scott Mayfield           0  0  0   1  0   1  2  0  0  1  0/0    13:04   1:39   1:22 

Players Stats for Wild

Player Name              G  A  P  +/- PIM S  H  SB GA TA FO     MP     PP MP  PK MP  
------------------------------------------------------------------------------------
Alex Friesen             1  0  1   0  0   3  1  0  3  0  4/8    13:42   0:00   0:00 
Anthony Camara           0  0  0   0  0   2  1  0  0  1  1/2    11:29   0:00   0:00 
Cam Janssen              0  0  0   0  0   0  0  0  0  0  5/13   12:19   0:00   0:00 
Dan Catenacci            0  0  0   0  0   2  2  0  0  0  0/0    17:25   0:55   0:43 
Dana Tyrell              0  0  0   0  0   1  0  0  5  1  5/9    20:28   1:04   4:23 
Danny Hobbs              0  0  0   0  2   1  1  2  4  0  1/1    12:47   0:00   0:18 
Devin Shore              0  0  0   0  0   3  1  3  1  0  4/5    15:28   0:00   0:00 
Francis Wathier          0  1  1   0  0   0  3  1  0  1  0/0    14:07   0:00   1:01 
Henri Ikonen             0  0  0   0  0   3  1  0  5  1  0/1    16:37   0:55   0:33 
Jani Hakanpaa            0  0  0  -1  5   1  2  1  0  0  0/0    14:48   0:00   0:30 
Jerome Leduc             0  0  0   0  0   3  1  1  0  1  0/0    19:36   0:00   2:46 
Jon Landry               0  0  0   0  2   1  1  1  0  1  0/0    24:02   0:49   1:55 
Mark Van Guilder         0  0  0   0  0   0  1  0  3  0  3/4    19:56   0:55   4:23 
Michael Keranen          0  0  0   0  0   1  2  0  0  1  0/0    12:45   1:04   0:00 
Micheal Haley            0  0  0   0  0   2  3  0  2  0  1/1    17:06   1:04   0:33 
Mike Moore               0  0  0  -1  0   1  1  6  4  0  0/0    24:25   0:49   2:39 
Shane O'Brien            0  0  0   1  0   6  4  3  2  1  0/0    29:38   1:10   3:32 
Steve Eminger            0  0  0   1  22  3  2  2  0  1  0/0    17:15   1:10   0:32 

3 Stars

1 - Kristers Gudlevskis (MAN)
2 - Jordan Binnington (IOW)
3 - Oscar Klefbom (MAN)

Power Play

Moose - 0 on 3 Attempt(s) - 0.00%
Wild - 0 on 1 Attempt(s) - 0.00%

Penalty Kill

Moose - 1 on 1 Attempt(s) - 100.00% - Score 0 goal in Penalty Kill
Wild - 3 on 3 Attempt(s) - 100.00% - Score 0 goal in Penalty Kill

Team Stat

Moose - Hits : 21 - Faceoff Wins : 20 - Blocked Shots : 18 - Penalty Minutes : 17
Wild - Hits : 27 - Faceoff Wins : 24 - Blocked Shots : 20 - Penalty Minutes : 31

Official

Referees : Unknown
Linesman : Unknown

Game Notes

Ryan Malone beats up Steve Eminger at 6:06 of 1st period
Jani Hakanpaa and Joel Armia fight to a draw at 7:40 of 1st period
Josh Manson is injured at 2:36 of 3rd period (Sports Hernia)
Rasmus Rissanen beats up Steve Eminger at 2:41 of 3rd period

Finance

Level 1 -- Attendance: 1417 (70.85%) -- Ticket Income $49,595
Level 2 -- Attendance: 713 (71.30%) -- Ticket Income $10,695
Total Attendance: 2130 (71.00%)
Total Ticket Income: $60,290
Other Income: $29,542
Total Income: $89,832

Moose

5 vs 5 Forward 
   Center                   Left Wing                Right Wing               Time % Phy DF OF 
 1 Greg McKegg              Garret Ross              Daniil Tarasov           35     1   2  2  
 2 Colin Smith              Michael Schumacher       Joel Armia               30     1   2  2  
 3 Rob Flick                Ryan Malone              Joel Vermin              22     1   2  2  
 4 Garret Ross              Joel Armia               Greg McKegg              13     1   2  2  

5 vs 5 Defense 
   Defense                  Defense                                           Time % Phy DF OF 
 1 Oscar Klefbom            Ben Chiarot                                       35     1   2  2  
 2 Brandon Davidson         Josh Manson                                       30     1   2  2  
 3 Rasmus Rissanen          Ben Chiarot                                       22     1   2  2  
 4 Josh Manson              Ben Chiarot                                       13     1   2  2  

PowerPlay Forward 
   Center                   Left Wing                Right Wing               Time % Phy DF OF 
 1 Greg McKegg              Garret Ross              Daniil Tarasov           60     1   2  2  
 2 Colin Smith              Michael Schumacher       Joel Armia               40     1   2  2  

PowerPlay Defense
   Defense                  Defense                                           Time % Phy DF OF 
 1 Oscar Klefbom            Ben Chiarot                                       60     1   2  2  
 2 Brandon Davidson         Josh Manson                                       40     1   2  2  

Penalty Kill 4 Players Forward 
   Center                   Wing                     Time % Phy DF OF 
 1 Greg McKegg              Garret Ross              60     1   2  2  
 2 Daniil Tarasov           Joel Armia               40     1   2  2  

Penalty Kill 4 Players Defense
   Defense                  Defense                  Time % Phy DF OF 
 1 Rasmus Rissanen          Ben Chiarot              60     1   2  2  
 2 Brandon Davidson         Josh Manson              40     1   2  2  

Penalty Kill - 3 Players Forward 
   Forward                                           Time % Phy DF OF 
 1 Greg McKegg                                       60     1   2  2  
 2 Garret Ross                                       40     1   2  2  

Penalty Kill - 3 Players Defense
   Defense                  Defense                  Time % Phy DF OF 
 1 Rasmus Rissanen          Ben Chiarot              60     1   2  2  
 2 Brandon Davidson         Josh Manson              40     1   2  2  

4 vs 4 Forward 
   Center                   Wing                     Time % Phy DF OF 
 1 Greg McKegg              Garret Ross              60     1   2  2  
 2 Daniil Tarasov           Joel Armia               40     1   2  2  

4 vs 4 Defense
   Defense                  Defense                  Time % Phy DF OF 
 1 Oscar Klefbom            Ben Chiarot              60     1   2  2  
 2 Brandon Davidson         Josh Manson              40     1   2  2  

Last Minutes Offensive
   Center                   Left Wing                Right Wing               Defense                  Defense                  
   Greg McKegg              Garret Ross              Daniil Tarasov           Oscar Klefbom            Ben Chiarot              

Last Minutes Defensive
   Center                   Left Wing                Right Wing               Defense                  Defense                  
   Greg McKegg              Garret Ross              Daniil Tarasov           Oscar Klefbom            Ben Chiarot              

Goaltenders
Starting : Kristers Gudlevskis      
Backup : Antoine Bibeau           

Extra Forwards
Normal : Greg McKegg, Rob Flick, Joel Vermin - PP : Garret Ross, Rob Flick - PK : Joel Vermin
Extra Defensemen
Normal : Rasmus Rissanen, Ben Chiarot, Brandon Davidson - PP : Rasmus Rissanen - PK : Ben Chiarot, Brandon Davidson
Penalty Shots
Greg McKegg, Garret Ross, Daniil Tarasov, Joel Armia, Colin Smith

Wild

5 vs 5 Forward 
   Center                   Left Wing                Right Wing               Time % Phy DF OF 
 1 Cam Janssen              Henri Ikonen             Dana Tyrell              35     1   2  2  
 2 Devin Shore              Dan Catenacci            Micheal Haley            30     1   2  2  
 3 Mark Van Guilder         Anthony Camara           Danny Hobbs              22     1   2  2  
 4 Alex Friesen             Francis Wathier          Michael Keranen          13     1   2  2  

5 vs 5 Defense 
   Defense                  Defense                                           Time % Phy DF OF 
 1 Shane O'Brien            Steve Eminger                                     35     1   2  2  
 2 Jerome Leduc             Mike Moore                                        30     1   2  2  
 3 Jani Hakanpaa            Jon Landry                                        22     1   2  2  
 4 Jon Landry               Shane O'Brien                                     13     1   2  2  

PowerPlay Forward 
   Center                   Left Wing                Right Wing               Time % Phy DF OF 
 1 Dana Tyrell              Micheal Haley            Michael Keranen          60     1   2  2  
 2 Mark Van Guilder         Henri Ikonen             Dan Catenacci            40     1   2  2  

PowerPlay Defense
   Defense                  Defense                                           Time % Phy DF OF 
 1 Shane O'Brien            Steve Eminger                                     60     1   2  2  
 2 Jon Landry               Mike Moore                                        40     1   2  2  

Penalty Kill 4 Players Forward 
   Center                   Wing                     Time % Phy DF OF 
 1 Dana Tyrell              Mark Van Guilder         60     1   2  2  
 2 Micheal Haley            Henri Ikonen             40     1   2  2  

Penalty Kill 4 Players Defense
   Defense                  Defense                  Time % Phy DF OF 
 1 Shane O'Brien            Steve Eminger            60     1   2  2  
 2 Jon Landry               Mike Moore               40     1   2  2  

Penalty Kill - 3 Players Forward 
   Forward                                           Time % Phy DF OF 
 1 Dana Tyrell                                       60     1   2  2  
 2 Mark Van Guilder                                  40     1   2  2  

Penalty Kill - 3 Players Defense
   Defense                  Defense                  Time % Phy DF OF 
 1 Shane O'Brien            Steve Eminger            60     1   2  2  
 2 Jon Landry               Mike Moore               40     1   2  2  

4 vs 4 Forward 
   Center                   Wing                     Time % Phy DF OF 
 1 Dana Tyrell              Mark Van Guilder         60     1   2  2  
 2 Micheal Haley            Henri Ikonen             40     1   2  2  

4 vs 4 Defense
   Defense                  Defense                  Time % Phy DF OF 
 1 Shane O'Brien            Steve Eminger            60     1   2  2  
 2 Jon Landry               Mike Moore               40     1   2  2  

Last Minutes Offensive
   Center                   Left Wing                Right Wing               Defense                  Defense                  
   Dana Tyrell              Micheal Haley            Michael Keranen          Shane O'Brien            Steve Eminger            

Last Minutes Defensive
   Center                   Left Wing                Right Wing               Defense                  Defense                  
   Dana Tyrell              Micheal Haley            Michael Keranen          Shane O'Brien            Steve Eminger            

Goaltenders
Starting : Jordan Binnington        
Backup : Doug Carr                

Extra Forwards
Normal : Devin Shore, Henri Ikonen, Alex Friesen - PP : Devin Shore, Henri Ikonen - PK : Alex Friesen
Extra Defensemen
Normal : Jani Hakanpaa, Jerome Leduc, Jon Landry - PP : Jani Hakanpaa - PK : Jerome Leduc, Jon Landry
Penalty Shots
Dana Tyrell, Mark Van Guilder, Micheal Haley, Henri Ikonen, Dan Catenacci

% Time on Ice - Moose

Lines # - Real PCT - Wanted PCT - Time Play
Normal Forward
1 - 29% - 35% - 15:06
2 - 32% - 30% - 16:51
3 - 32% - 22% - 16:47
4 - 6% - 13% - 3:20
Normal Defense
1 - 28% - 35% - 14:26
2 - 38% - 30% - 19:57
3 - 16% - 22% - 8:28
4 - 18% - 13% - 9:13
PP Forward
1 - 59% - 60% - 3:30
2 - 41% - 40% - 2:27
PP Defense
1 - 59% - 60% - 3:29
2 - 41% - 40% - 2:28
PK Forward
1 - 87% - 60% - 1:43
2 - 13% - 40% - 0:16
PK Defense
1 - 31% - 60% - 0:37
2 - 69% - 40% - 1:22
PK3 Forward
1 - 0% - 60%
2 - 0% - 40%
PK3 Defense
1 - 0% - 60%
2 - 0% - 40%
44 Forward
1 - 84% - 60% - 4:13
2 - 16% - 40% - 0:47
44 Defense
1 - 47% - 60% - 2:20
2 - 53% - 40% - 2:40
Last Minute Offensive  - 0:00
Last Minute Defensive  - 0:00
Total
Forward - 65:00
Defense - 65:00

% Time on Ice - Wild

Lines # - Real PCT - Wanted PCT - Time Play
Normal Forward
1 - 26% - 35% - 13:18
2 - 30% - 30% - 15:35
3 - 22% - 22% - 11:29
4 - 22% - 13% - 11:42
Normal Defense
1 - 41% - 35% - 21:18
2 - 31% - 30% - 16:14
3 - 21% - 22% - 11:11
4 - 6% - 13% - 3:21
PP Forward
1 - 54% - 60% - 1:04
2 - 46% - 40% - 0:55
PP Defense
1 - 59% - 60% - 1:10
2 - 41% - 40% - 0:49
PK Forward
1 - 91% - 60% - 5:24
2 - 9% - 40% - 0:33
PK Defense
1 - 68% - 60% - 4:02
2 - 32% - 40% - 1:55
PK3 Forward
1 - 0% - 60%
2 - 0% - 40%
PK3 Defense
1 - 0% - 60%
2 - 0% - 40%
44 Forward
1 - 100% - 60% - 5:00
2 - 0% - 40% - 0:00
44 Defense
1 - 55% - 60% - 2:44
2 - 45% - 40% - 2:16
Last Minute Offensive  - 0:00
Last Minute Defensive  - 0:00
Total
Forward - 65:00
Defense - 65:00

Play by Play

1st period


0:01 of 1st period - Greg McKegg wins face-off versus Cam Janssen in neutral zone.
0:06 of 1st period - Slapshot by Ben Chiarot.
0:06 of 1st period - Deflect By Garret Ross.
0:06 of 1st period - Stopped by Jordan Binnington without a rebound.
0:07 of 1st period - Cam Janssen wins face-off versus Greg McKegg in Wild zone.
0:38 of 1st period - Snap shot by Dana Tyrell.
0:38 of 1st period - Shot Misses the Net.
0:40 of 1st period - Slapshot by Shane O'Brien.
0:40 of 1st period - Shot Blocked by Greg McKegg.
0:42 of 1st period - Slapshot by Henri Ikonen.
0:42 of 1st period - Stopped by Kristers Gudlevskis with a rebound.
1:05 of 1st period - Brandon Davidson is hit by Micheal Haley and loses puck.
1:15 of 1st period - Josh Manson is hit by Steve Eminger and loses puck.
1:51 of 1st period - Steve Eminger is hit by Rob Flick and loses puck.
2:06 of 1st period - Slapshot by Ben Chiarot.
2:06 of 1st period - Stopped by Jordan Binnington without a rebound.
2:07 of 1st period - Garret Ross wins face-off versus Anthony Camara in Wild zone.
2:17 of 1st period - Minor Penalty to Danny Hobbs for Hooking.
2:18 of 1st period - Dana Tyrell wins face-off versus Greg McKegg in Wild zone.
3:19 of 1st period - Steve Eminger is hit by Michael Schumacher and loses puck.
3:58 of 1st period - Snap shot by Joel Armia.
3:58 of 1st period - Shot Misses the Net.
4:00 of 1st period - Slapshot by Josh Manson.
4:00 of 1st period - Shot Blocked by Jon Landry.
4:17 of 1st period - Penalty to Danny Hobbs is over, Danny Hobbs is back on ice.
5:16 of 1st period - Icing by Jani Hakanpaa.
5:17 of 1st period - Alex Friesen wins face-off versus Colin Smith in Wild zone.
5:22 of 1st period - Josh Manson is hit by Francis Wathier.
5:30 of 1st period - Josh Manson is hit by Michael Keranen and loses puck.
5:57 of 1st period - Slapshot by Ben Chiarot.
5:57 of 1st period - Shot Blocked by Shane O'Brien.
5:59 of 1st period - Snap shot by Ryan Malone.
5:59 of 1st period - Shot Blocked by Steve Eminger.
6:06 of 1st period - Ryan Malone beats up Steve Eminger.
6:06 of 1st period - Penalty to Steve Eminger for Fighting.
6:06 of 1st period - Penalty to Ryan Malone for Fighting.
6:07 of 1st period - Cam Janssen wins face-off versus Greg McKegg in Wild zone.
6:18 of 1st period - Slapshot by Oscar Klefbom.
6:18 of 1st period - Shot Blocked by Mike Moore.
6:45 of 1st period - Icing by Cam Janssen.
6:46 of 1st period - Cam Janssen wins face-off versus Rob Flick in Wild zone.
7:40 of 1st period - Jani Hakanpaa and Joel Armia fight to a draw.
7:40 of 1st period - Penalty to Jani Hakanpaa for Fighting.
7:40 of 1st period - Penalty to Joel Armia for Fighting.
7:41 of 1st period - Mark Van Guilder wins face-off versus Rob Flick in Moose zone.
8:36 of 1st period - Slapshot by Josh Manson.
8:36 of 1st period - Shot Blocked by Shane O'Brien.
8:38 of 1st period - Slapshot by Josh Manson.
8:38 of 1st period - Shot Misses the Net.
8:56 of 1st period - Jon Landry is hit by Brandon Davidson and loses puck.
9:21 of 1st period - Snap shot by Devin Shore.
9:21 of 1st period - Stopped by Kristers Gudlevskis with a rebound.
9:27 of 1st period - Backhand shot by Ben Chiarot.
9:27 of 1st period - Shot Blocked by Devin Shore.
9:50 of 1st period - Jerome Leduc is hit by Michael Schumacher and loses puck.
10:13 of 1st period - Slapshot by Brandon Davidson.
10:13 of 1st period - Shot Misses the Net.
10:15 of 1st period - Backhand shot by Josh Manson.
10:15 of 1st period - Shot Misses the Net.
10:17 of 1st period - Snap shot by Greg McKegg.
10:17 of 1st period - Shot Misses the Net.
10:19 of 1st period - Slapshot by Brandon Davidson.
10:19 of 1st period - Shot Misses the Net.
10:50 of 1st period - Slapshot by Danny Hobbs.
10:50 of 1st period - Shot Misses the Net.
10:52 of 1st period - Slapshot by Shane O'Brien.
10:52 of 1st period - Shot Blocked by Ben Chiarot.
11:08 of 1st period - Josh Manson is hit by Anthony Camara and loses puck.
11:24 of 1st period - Icing by Brandon Davidson.
11:25 of 1st period - Colin Smith wins face-off versus Dana Tyrell in Moose zone.
11:30 of 1st period - Dana Tyrell is hit by Josh Manson and loses puck.
12:37 of 1st period - Icing by Micheal Haley.
12:38 of 1st period - Devin Shore wins face-off versus Colin Smith in Wild zone.
13:01 of 1st period - Jon Landry is hit by Rob Flick and loses puck.
13:12 of 1st period - Snap shot by Joel Armia.
13:12 of 1st period - Stopped by Jordan Binnington with a rebound.
14:15 of 1st period - Wrist shot by Alex Friesen.
14:15 of 1st period - Shot Blocked by Oscar Klefbom.
14:17 of 1st period - Snap shot by Francis Wathier.
14:17 of 1st period - Shot Misses the Net.
14:19 of 1st period - Snap shot by Jerome Leduc.
14:19 of 1st period - Deflect By Alex Friesen.
14:19 of 1st period - Stopped by Kristers Gudlevskis without a rebound.
14:20 of 1st period - Alex Friesen wins face-off versus Rob Flick in Moose zone.
14:21 of 1st period - Wrist shot by Michael Keranen.
14:21 of 1st period - Shot Misses the Net.
14:23 of 1st period - Slapshot by Jerome Leduc.
14:23 of 1st period - Stopped by Kristers Gudlevskis without a rebound.
14:24 of 1st period - Rob Flick wins face-off versus Cam Janssen in Moose zone.
14:58 of 1st period - Wrist shot by Henri Ikonen.
14:58 of 1st period - Shot Blocked by Josh Manson.
15:00 of 1st period - Slapshot by Jani Hakanpaa.
15:00 of 1st period - Shot Blocked by Josh Manson.
16:36 of 1st period - Slapshot by Shane O'Brien.
16:36 of 1st period - Stopped by Kristers Gudlevskis without a rebound.
16:37 of 1st period - Devin Shore wins face-off versus Rob Flick in Moose zone.
18:00 of 1st period - Josh Manson is hit by Jani Hakanpaa and loses puck.
18:09 of 1st period - Snap shot by Henri Ikonen.
18:09 of 1st period - Shot Misses the Net.
18:11 of 1st period - Wrist shot by Dana Tyrell.
18:11 of 1st period - Shot Blocked by Josh Manson.
18:23 of 1st period - Josh Manson is hit by Shane O'Brien and loses puck.
18:28 of 1st period - Wrist shot by Danny Hobbs.
18:28 of 1st period - Deflect By Josh Manson.
18:28 of 1st period - Shot Misses the Net.
18:28 of 1st period - Puck is out of play.
18:29 of 1st period - Greg McKegg wins face-off versus Mark Van Guilder in Moose zone.
18:59 of 1st period - Snap shot by Joel Vermin.
18:59 of 1st period - Stopped by Jordan Binnington with a rebound.
19:01 of 1st period - Slapshot by Oscar Klefbom.
19:01 of 1st period - Deflect By Michael Schumacher.
19:01 of 1st period - Shot Misses the Net.
19:01 of 1st period - Puck is out of play.
19:02 of 1st period - Alex Friesen wins face-off versus Rob Flick in Wild zone.
19:50 of 1st period - Wrist shot by Josh Manson.
19:50 of 1st period - Stopped by Jordan Binnington with a rebound.
19:52 of 1st period - Slapshot by Josh Manson.
19:52 of 1st period - Stopped by Jordan Binnington with a rebound.
Goals for this period are 0 for Moose vs 0 for Wild.
Shots for this period are 6 for Moose vs 5 for Wild.

2nd period


0:01 of 2nd period - Garret Ross wins face-off versus Cam Janssen in neutral zone.
0:10 of 2nd period - Slapshot by Daniil Tarasov.
0:10 of 2nd period - Shot Misses the Net.
0:46 of 2nd period - Wrist shot by Micheal Haley.
0:46 of 2nd period - Shot Blocked by Josh Manson.
1:04 of 2nd period - Snap shot by Devin Shore.
1:04 of 2nd period - Stopped by Kristers Gudlevskis without a rebound.
1:05 of 2nd period - Anthony Camara wins face-off versus Rob Flick in Moose zone.
2:05 of 2nd period - Jerome Leduc is hit by Michael Schumacher and loses puck.
2:12 of 2nd period - Rasmus Rissanen is hit by Jerome Leduc and loses puck.
2:19 of 2nd period - Snap shot by Michael Keranen.
2:19 of 2nd period - Stopped by Kristers Gudlevskis with a rebound.
2:21 of 2nd period - Slapshot by Shane O'Brien.
2:21 of 2nd period - Stopped by Kristers Gudlevskis with a rebound.
2:23 of 2nd period - Slapshot by Jon Landry.
2:23 of 2nd period - Shot Misses the Net.
2:25 of 2nd period - Slapshot by Jon Landry.
2:25 of 2nd period - Deflect By Francis Wathier.
2:25 of 2nd period - Shot Misses the Net.
2:25 of 2nd period - Puck is out of play.
2:26 of 2nd period - Garret Ross wins face-off versus Cam Janssen in Moose zone.
2:31 of 2nd period - Shane O'Brien is hit by Josh Manson and loses puck.
2:55 of 2nd period - Slapshot by Shane O'Brien.
2:55 of 2nd period - Stopped by Kristers Gudlevskis with a rebound.
3:19 of 2nd period - Ryan Malone is hit by Shane O'Brien and loses puck.
3:28 of 2nd period - Snap shot by Micheal Haley.
3:28 of 2nd period - Stopped by Kristers Gudlevskis with a rebound.
3:40 of 2nd period - Shane O'Brien is hit by Ryan Malone.
3:44 of 2nd period - Ben Chiarot is hit by Jani Hakanpaa and loses puck.
4:07 of 2nd period - Brandon Davidson is hit by Jon Landry.
4:08 of 2nd period - Icing by Brandon Davidson.
4:09 of 2nd period - Michael Schumacher wins face-off versus Alex Friesen in Moose zone.
4:34 of 2nd period - Francis Wathier is hit by Joel Armia and loses puck.
5:09 of 2nd period - Wrist shot by Danny Hobbs.
5:09 of 2nd period - Shot Misses the Net.
5:11 of 2nd period - Wrist shot by Anthony Camara.
5:11 of 2nd period - Stopped by Kristers Gudlevskis with a rebound.
5:13 of 2nd period - Slapshot by Steve Eminger.
5:13 of 2nd period - Shot Hit the Post.
5:15 of 2nd period - Slapshot by Shane O'Brien.
5:15 of 2nd period - Stopped by Kristers Gudlevskis with a rebound.
5:17 of 2nd period - Slapshot by Steve Eminger.
5:17 of 2nd period - Shot Blocked by Josh Manson.
5:24 of 2nd period - Minor Penalty to Josh Manson for Roughing.
5:25 of 2nd period - Greg McKegg wins face-off versus Dana Tyrell in Moose zone.
5:33 of 2nd period - Greg McKegg is hit by Shane O'Brien and loses puck.
5:44 of 2nd period - Wrist shot by Michael Keranen.
5:44 of 2nd period - Shot Misses the Net.
5:46 of 2nd period - Slapshot by Steve Eminger.
5:46 of 2nd period - Stopped by Kristers Gudlevskis with a rebound.
5:48 of 2nd period - Slapshot by Steve Eminger.
5:48 of 2nd period - Stopped by Kristers Gudlevskis with a rebound.
5:50 of 2nd period - Slapshot by Steve Eminger.
5:50 of 2nd period - Shot Misses the Net.
7:01 of 2nd period - Steve Eminger is hit by Scott Mayfield.
7:24 of 2nd period - Penalty to Josh Manson is over, Josh Manson is back on ice.
7:24 of 2nd period - Snap shot by Dan Catenacci.
7:24 of 2nd period - Shot Misses the Net.
7:26 of 2nd period - Slapshot by Mike Moore.
7:26 of 2nd period - Shot Blocked by Brandon Davidson.
8:58 of 2nd period - Snap shot by Colin Smith.
8:58 of 2nd period - Stopped by Jordan Binnington with a rebound.
9:00 of 2nd period - Slapshot by Ben Chiarot.
9:00 of 2nd period - Shot Blocked by Francis Wathier.
9:42 of 2nd period - Cam Janssen is hit by Michael Schumacher and loses puck.
11:05 of 2nd period - Slapshot by Dan Catenacci.
11:05 of 2nd period - Deflect By Micheal Haley.
11:05 of 2nd period - Shot Misses the Net.
11:05 of 2nd period - Puck is out of play.
11:06 of 2nd period - Mark Van Guilder wins face-off versus Greg McKegg in Moose zone.
11:13 of 2nd period - Wrist shot by Anthony Camara.
11:13 of 2nd period - Stopped by Kristers Gudlevskis with a rebound.
11:45 of 2nd period - Backhand shot by Rob Flick.
11:45 of 2nd period - Stopped by Jordan Binnington without a rebound.
11:46 of 2nd period - Rob Flick wins face-off versus Alex Friesen in Wild zone.
11:49 of 2nd period - Wrist shot by Ryan Malone.
11:49 of 2nd period - Stopped by Jordan Binnington with a rebound.
12:07 of 2nd period - Shane O'Brien is hit by Michael Schumacher and loses puck.
12:22 of 2nd period - Wrist shot by Devin Shore.
12:22 of 2nd period - Stopped by Kristers Gudlevskis with a rebound.
12:24 of 2nd period - Wrist shot by Shane O'Brien.
12:24 of 2nd period - Shot Blocked by Rasmus Rissanen.
12:26 of 2nd period - Backhand shot by Shane O'Brien.
12:26 of 2nd period - Deflect By Dan Catenacci.
12:26 of 2nd period - Shot Misses the Net.
12:26 of 2nd period - Puck is out of play.
12:27 of 2nd period - Devin Shore wins face-off versus Greg McKegg in Moose zone.
12:32 of 2nd period - Slapshot by Micheal Haley.
12:32 of 2nd period - Shot Misses the Net.
12:34 of 2nd period - Snap shot by Dan Catenacci.
12:34 of 2nd period - Stopped by Kristers Gudlevskis with a rebound.
12:36 of 2nd period - Slapshot by Jon Landry.
12:36 of 2nd period - Shot Blocked by Brandon Davidson.
12:38 of 2nd period - Snap shot by Jon Landry.
12:38 of 2nd period - Shot Misses the Net.
13:18 of 2nd period - Jerome Leduc is hit by Daniil Tarasov and loses puck.
13:25 of 2nd period - Daniil Tarasov is hit by Mark Van Guilder and loses puck.
13:38 of 2nd period - Snap shot by Danny Hobbs.
13:38 of 2nd period - Stopped by Kristers Gudlevskis without a rebound.
13:39 of 2nd period - Colin Smith wins face-off versus Alex Friesen in Moose zone.
13:44 of 2nd period - Wrist shot by Josh Manson.
13:44 of 2nd period - Deflect By Joel Armia.
13:44 of 2nd period - Shot Blocked by Mike Moore.
13:44 of 2nd period - Puck is out of play.
13:45 of 2nd period - Colin Smith wins face-off versus Alex Friesen in Wild zone.
14:05 of 2nd period - Snap shot by Alex Friesen.
14:05 of 2nd period - Stopped by Kristers Gudlevskis with a rebound.
14:07 of 2nd period - Snap shot by Alex Friesen.
14:07 of 2nd period - Goal by Alex Friesen - Moose : 0 - Wild : 1.
14:08 of 2nd period - Rob Flick wins face-off versus Cam Janssen in neutral zone.
14:27 of 2nd period - Brandon Davidson is hit by Henri Ikonen and loses puck.
14:38 of 2nd period - Steve Eminger is hit by Ryan Malone and loses puck.
15:01 of 2nd period - Garret Ross is hit by Dan Catenacci and loses puck.
15:14 of 2nd period - Wrist shot by Micheal Haley.
15:14 of 2nd period - Shot Blocked by Greg McKegg.
16:25 of 2nd period - Wrist shot by Oscar Klefbom.
16:25 of 2nd period - Shot Misses the Net.
16:27 of 2nd period - Slapshot by Oscar Klefbom.
16:27 of 2nd period - Deflect By Jon Landry.
16:27 of 2nd period - Stopped by Jordan Binnington with a rebound.
16:47 of 2nd period - Slapshot by Oscar Klefbom.
16:47 of 2nd period - Deflect By Greg McKegg.
16:47 of 2nd period - Shot Blocked by Jani Hakanpaa.
16:47 of 2nd period - Puck is out of play.
16:48 of 2nd period - Daniil Tarasov wins face-off versus Cam Janssen in Wild zone.
17:52 of 2nd period - Wrist shot by Joel Armia.
17:52 of 2nd period - Shot Misses the Net.
18:03 of 2nd period - Oscar Klefbom is hit by Francis Wathier and loses puck.
18:16 of 2nd period - Ben Chiarot is hit by Devin Shore and loses puck.
18:52 of 2nd period - Slapshot by Jerome Leduc.
18:52 of 2nd period - Shot Misses the Net.
18:56 of 2nd period - Slapshot by Jerome Leduc.
18:56 of 2nd period - Stopped by Kristers Gudlevskis with a rebound.
18:58 of 2nd period - Slapshot by Mike Moore.
18:58 of 2nd period - Shot Blocked by Joel Vermin.
19:00 of 2nd period - Backhand shot by Mike Moore.
19:00 of 2nd period - Stopped by Kristers Gudlevskis with a rebound.
19:28 of 2nd period - Snap shot by Daniil Tarasov.
19:28 of 2nd period - Stopped by Jordan Binnington with a rebound.
Goals for this period are 0 for Moose vs 1 for Wild.
Shots for this period are 5 for Moose vs 17 for Wild.

3rd period


0:01 of 3rd period - Cam Janssen wins face-off versus Greg McKegg in neutral zone.
0:36 of 3rd period - Slapshot by Shane O'Brien.
0:36 of 3rd period - Shot Blocked by Josh Manson.
0:58 of 3rd period - Slapshot by Dan Catenacci.
0:58 of 3rd period - Stopped by Kristers Gudlevskis without a rebound.
0:59 of 3rd period - Colin Smith wins face-off versus Devin Shore in Moose zone.
1:08 of 3rd period - Slapshot by Ben Chiarot.
1:08 of 3rd period - Shot Blocked by Devin Shore.
1:39 of 3rd period - Snap shot by Danny Hobbs.
1:39 of 3rd period - Shot Misses the Net.
1:41 of 3rd period - Wrist shot by Anthony Camara.
1:41 of 3rd period - Shot Misses the Net.
2:23 of 3rd period - Rob Flick is hit by Shane O'Brien and loses puck.
2:36 of 3rd period - Slapshot by Michael Keranen.
2:36 of 3rd period - Shot Blocked by Josh Manson.
2:36 of 3rd period - Josh Manson from Moose is injured at 2:36 of 3rd period (Sports Hernia).
2:37 of 3rd period - Cam Janssen wins face-off versus Greg McKegg in Moose zone.
2:41 of 3rd period - Rasmus Rissanen beats up Steve Eminger.
2:41 of 3rd period - Penalty to Steve Eminger for Fighting.
2:41 of 3rd period - Penalty to Rasmus Rissanen for Fighting.
2:41 of 3rd period - Penalty to Steve Eminger for instigated a fight.
2:41 of 3rd period - Penalty to Steve Eminger for instigated a fight.
2:42 of 3rd period - Mark Van Guilder wins face-off versus Greg McKegg in Moose zone.
2:55 of 3rd period - Snap shot by Oscar Klefbom.
2:55 of 3rd period - Shot Misses the Net.
2:57 of 3rd period - Snap shot by Oscar Klefbom.
2:57 of 3rd period - Shot Blocked by Shane O'Brien.
2:59 of 3rd period - Slapshot by Ben Chiarot.
2:59 of 3rd period - Stopped by Jordan Binnington without a rebound.
3:00 of 3rd period - Dana Tyrell wins face-off versus Greg McKegg in Wild zone.
3:25 of 3rd period - Wrist shot by Daniil Tarasov.
3:25 of 3rd period - Shot Misses the Net.
3:27 of 3rd period - Slapshot by Oscar Klefbom.
3:27 of 3rd period - Deflect By Dana Tyrell.
3:27 of 3rd period - Stopped by Jordan Binnington with a rebound.
3:39 of 3rd period - Slapshot by Oscar Klefbom.
3:39 of 3rd period - Deflect By Michael Schumacher.
3:39 of 3rd period - Shot Misses the Net.
3:39 of 3rd period - Puck is out of play.
3:40 of 3rd period - Dana Tyrell wins face-off versus Colin Smith in Wild zone.
3:40 of 3rd period - Dana Tyrell is hit by Scott Mayfield.
4:12 of 3rd period - Slapshot by Colin Smith.
4:12 of 3rd period - Deflect By Joel Armia.
4:12 of 3rd period - Shot Misses the Net.
4:12 of 3rd period - Puck is out of play.
4:13 of 3rd period - Dana Tyrell wins face-off versus Greg McKegg in Wild zone.
4:18 of 3rd period - Slapshot by Oscar Klefbom.
4:18 of 3rd period - Deflect By Daniil Tarasov.
4:18 of 3rd period - Stopped by Jordan Binnington with a rebound.
4:20 of 3rd period - Slapshot by Ben Chiarot.
4:20 of 3rd period - Shot Blocked by Mike Moore.
4:30 of 3rd period - Snap shot by Daniil Tarasov.
4:30 of 3rd period - Stopped by Jordan Binnington with a rebound.
4:41 of 3rd period - Penalty to Steve Eminger is over, Alex Friesen is send on ice.
5:17 of 3rd period - Slapshot by Ben Chiarot.
5:17 of 3rd period - Shot Misses the Net.
5:19 of 3rd period - Wrist shot by Rob Flick.
5:19 of 3rd period - Shot Hit the Post.
5:46 of 3rd period - Wrist shot by Micheal Haley.
5:46 of 3rd period - Stopped by Kristers Gudlevskis with a rebound.
5:48 of 3rd period - Slapshot by Jani Hakanpaa.
5:48 of 3rd period - Stopped by Kristers Gudlevskis with a rebound.
7:05 of 3rd period - Wrist shot by Ryan Malone.
7:05 of 3rd period - Shot Blocked by Mike Moore.
7:07 of 3rd period - Wrist shot by Rob Flick.
7:07 of 3rd period - Shot Misses the Net.
7:09 of 3rd period - Wrist shot by Ryan Malone.
7:09 of 3rd period - Shot Misses the Net.
7:11 of 3rd period - Wrist shot by Joel Vermin.
7:11 of 3rd period - Stopped by Jordan Binnington with a rebound.
7:13 of 3rd period - Backhand shot by Scott Mayfield.
7:13 of 3rd period - Stopped by Jordan Binnington with a rebound.
8:06 of 3rd period - Brandon Davidson is hit by Mike Moore and loses puck.
8:19 of 3rd period - Danny Hobbs is hit by Rob Flick and loses puck.
8:32 of 3rd period - Snap shot by Henri Ikonen.
8:32 of 3rd period - Stopped by Kristers Gudlevskis with a rebound.
8:43 of 3rd period - Slapshot by Danny Hobbs.
8:43 of 3rd period - Shot Blocked by Joel Armia.
8:45 of 3rd period - Slapshot by Jon Landry.
8:45 of 3rd period - Shot Misses the Net.
8:57 of 3rd period - Rasmus Rissanen is hit by Michael Keranen and loses puck.
9:32 of 3rd period - Minor Penalty to Jon Landry for Delaying the game.
9:33 of 3rd period - Greg McKegg wins face-off versus Dana Tyrell in Wild zone.
9:37 of 3rd period - Snap shot by Brandon Davidson.
9:37 of 3rd period - Shot Blocked by Jerome Leduc.
9:39 of 3rd period - Slapshot by Brandon Davidson.
9:39 of 3rd period - Shot Misses the Net.
9:57 of 3rd period - Slapshot by Shane O'Brien.
9:57 of 3rd period - Stopped by Kristers Gudlevskis with a rebound.
11:02 of 3rd period - Backhand shot by Brandon Davidson.
11:02 of 3rd period - Stopped by Jordan Binnington with a rebound.
11:04 of 3rd period - Wrist shot by Brandon Davidson.
11:04 of 3rd period - Shot Misses the Net.
11:06 of 3rd period - Slapshot by Brandon Davidson.
11:06 of 3rd period - Deflect By Daniil Tarasov.
11:06 of 3rd period - Shot Misses the Net.
11:06 of 3rd period - Puck is out of play.
11:07 of 3rd period - Danny Hobbs wins face-off versus Greg McKegg in Wild zone.
11:22 of 3rd period - Mark Van Guilder is hit by Joel Armia and loses puck.
11:32 of 3rd period - Penalty to Jon Landry is over, Jon Landry is back on ice.
12:08 of 3rd period - Joel Vermin is hit by Micheal Haley and loses puck.
12:15 of 3rd period - Shane O'Brien is hit by Joel Vermin and loses puck.
14:42 of 3rd period - Ben Chiarot is hit by Alex Friesen and loses puck.
15:06 of 3rd period - Ryan Malone is hit by Micheal Haley.
15:12 of 3rd period - Snap shot by Joel Vermin.
15:12 of 3rd period - Stopped by Jordan Binnington without a rebound.
15:13 of 3rd period - Micheal Haley wins face-off versus Ryan Rupert in Wild zone.
15:28 of 3rd period - Micheal Haley is hit by Ben Chiarot and loses puck.
15:45 of 3rd period - Slapshot by Brandon Davidson.
15:45 of 3rd period - Shot Misses the Net.
15:47 of 3rd period - Snap shot by Brandon Davidson.
15:47 of 3rd period - Shot Blocked by Devin Shore.
16:29 of 3rd period - Snap shot by Rob Flick.
16:29 of 3rd period - Deflect By Ryan Malone.
16:29 of 3rd period - Stopped by Jordan Binnington with a rebound.
16:45 of 3rd period - Snap shot by Dana Tyrell.
16:45 of 3rd period - Deflect By Henri Ikonen.
16:45 of 3rd period - Deflect By Ben Chiarot.
16:45 of 3rd period - Stopped by Kristers Gudlevskis with a rebound.
16:47 of 3rd period - Slapshot by Dana Tyrell.
16:47 of 3rd period - Shot Blocked by Ryan Malone.
17:09 of 3rd period - Wrist shot by Joel Armia.
17:09 of 3rd period - Shot Blocked by Danny Hobbs.
17:11 of 3rd period - Snap shot by Joel Armia.
17:11 of 3rd period - Shot Hit the Post.
17:13 of 3rd period - Slapshot by Brandon Davidson.
17:13 of 3rd period - Shot Misses the Net.
17:15 of 3rd period - Snap shot by Oscar Klefbom.
17:15 of 3rd period - Shot Blocked by Danny Hobbs.
17:28 of 3rd period - Icing by Brandon Davidson.
17:29 of 3rd period - Ryan Rupert wins face-off versus Cam Janssen in Moose zone.
17:41 of 3rd period - 10 Minutes Misconduct Penalty to Steve Eminger is over.
18:02 of 3rd period - Snap shot by Daniil Tarasov.
18:02 of 3rd period - Shot Blocked by Mike Moore.
18:04 of 3rd period - Wrist shot by Oscar Klefbom.
18:04 of 3rd period - Goal by Oscar Klefbom - Moose : 1 - Wild : 1.
18:05 of 3rd period - Colin Smith wins face-off versus Henri Ikonen in neutral zone.
18:22 of 3rd period - Off-side.
18:23 of 3rd period - Colin Smith wins face-off versus Cam Janssen in neutral zone.
18:44 of 3rd period - Brandon Davidson is hit by Danny Hobbs and loses puck.
19:22 of 3rd period - Snap shot by Ben Chiarot.
19:22 of 3rd period - Stopped by Jordan Binnington with a rebound.
19:34 of 3rd period - Snap shot by Micheal Haley.
19:34 of 3rd period - Shot Blocked by Brandon Davidson.
19:36 of 3rd period - Wrist shot by Jerome Leduc.
19:36 of 3rd period - Stopped by Kristers Gudlevskis with a rebound.
19:38 of 3rd period - Slapshot by Jon Landry.
19:38 of 3rd period - Deflect By Brandon Davidson.
19:38 of 3rd period - Stopped by Kristers Gudlevskis with a rebound.
19:51 of 3rd period - Off-side.
19:52 of 3rd period - Alex Friesen wins face-off versus Colin Smith in neutral zone.
Goals for this period are 1 for Moose vs 0 for Wild.
Shots for this period are 11 for Moose vs 8 for Wild.

Overtime #1


0:01 of 1st overtime period - Dana Tyrell wins face-off versus Garret Ross in neutral zone.
0:12 of 1st overtime period - Slapshot by Dana Tyrell.
0:12 of 1st overtime period - Shot Misses the Net.
0:14 of 1st overtime period - Wrist shot by Mark Van Guilder.
0:14 of 1st overtime period - Shot Misses the Net.
0:16 of 1st overtime period - Slapshot by Steve Eminger.
0:16 of 1st overtime period - Shot Misses the Net.
0:18 of 1st overtime period - Wrist shot by Steve Eminger.
0:18 of 1st overtime period - Stopped by Kristers Gudlevskis with a rebound.
0:20 of 1st overtime period - Snap shot by Shane O'Brien.
0:20 of 1st overtime period - Stopped by Kristers Gudlevskis with a rebound.
0:22 of 1st overtime period - Slapshot by Steve Eminger.
0:22 of 1st overtime period - Shot Misses the Net.
0:24 of 1st overtime period - Wrist shot by Dana Tyrell.
0:24 of 1st overtime period - Stopped by Kristers Gudlevskis with a rebound.
1:11 of 1st overtime period - Icing by Oscar Klefbom.
1:12 of 1st overtime period - Greg McKegg wins face-off versus Dana Tyrell in Moose zone.
1:28 of 1st overtime period - Slapshot by Brandon Davidson.
1:28 of 1st overtime period - Shot Blocked by Mike Moore.
1:36 of 1st overtime period - Wrist shot by Garret Ross.
1:36 of 1st overtime period - Stopped by Jordan Binnington without a rebound.
1:37 of 1st overtime period - Devin Shore wins face-off versus Greg McKegg in Wild zone.
2:49 of 1st overtime period - Wrist shot by Joel Armia.
2:49 of 1st overtime period - Shot Blocked by Steve Eminger.
2:55 of 1st overtime period - Daniil Tarasov is hit by Steve Eminger and loses puck.
3:20 of 1st overtime period - Slapshot by Oscar Klefbom.
3:20 of 1st overtime period - Shot Misses the Net.
3:36 of 1st overtime period - Dan Catenacci is hit by Oscar Klefbom and loses puck.
3:43 of 1st overtime period - Wrist shot by Joel Vermin.
3:43 of 1st overtime period - Shot Misses the Net.
4:20 of 1st overtime period - Ben Chiarot is hit by Francis Wathier and loses puck.
4:47 of 1st overtime period - Rasmus Rissanen is hit by Dan Catenacci.
Goals for this period are 0 for Moose vs 0 for Wild.
Shots for this period are 1 for Moose vs 3 for Wild.

ShootOut


5:00 of 1st overtime period - Penalty Shot by Greg McKegg for Moose.
5:00 of 1st overtime period - Snap shot by Greg McKegg.
5:00 of 1st overtime period - Stopped by Jordan Binnington.
5:00 of 1st overtime period - Penalty Shot by Dana Tyrell for Wild.
5:00 of 1st overtime period - Deke by Dana Tyrell.
5:00 of 1st overtime period - Stopped by Kristers Gudlevskis.
5:00 of 1st overtime period - Penalty Shot by Garret Ross for Moose.
5:00 of 1st overtime period - Deke by Garret Ross.
5:00 of 1st overtime period - Stopped by Jordan Binnington.
5:00 of 1st overtime period - Penalty Shot by Mark Van Guilder for Wild.
5:00 of 1st overtime period - Wrist shot by Mark Van Guilder.
5:00 of 1st overtime period - Shot Misses the Net.
5:00 of 1st overtime period - Penalty Shot by Daniil Tarasov for Moose.
5:00 of 1st overtime period - Backhand shot by Daniil Tarasov.
5:00 of 1st overtime period - Stopped by Jordan Binnington.
5:00 of 1st overtime period - Penalty Shot by Micheal Haley for Wild.
5:00 of 1st overtime period - Deke by Micheal Haley.
5:00 of 1st overtime period - Stopped by Kristers Gudlevskis.
5:00 of 1st overtime period - Penalty Shot by Joel Armia for Moose.
5:00 of 1st overtime period - Snap shot by Joel Armia.
5:00 of 1st overtime period - Shot Misses the Net.
5:00 of 1st overtime period - Penalty Shot by Henri Ikonen for Wild.
5:00 of 1st overtime period - Snap shot by Henri Ikonen.
5:00 of 1st overtime period - Stopped by Kristers Gudlevskis.
5:00 of 1st overtime period - Penalty Shot by Colin Smith for Moose.
5:00 of 1st overtime period - Backhand shot by Colin Smith.
5:00 of 1st overtime period - Stopped by Jordan Binnington.
5:00 of 1st overtime period - Penalty Shot by Dan Catenacci for Wild.
5:00 of 1st overtime period - Snap shot by Dan Catenacci.
5:00 of 1st overtime period - Stopped by Kristers Gudlevskis.
5:00 of 1st overtime period - Penalty Shot by Ryan Rupert for Moose.
5:00 of 1st overtime period - Wrist shot by Ryan Rupert.
5:00 of 1st overtime period - Stopped by Jordan Binnington.
5:00 of 1st overtime period - Penalty Shot by Devin Shore for Wild.
5:00 of 1st overtime period - Snap shot by Devin Shore.
5:00 of 1st overtime period - Goal by Devin Shore.